 Dungeon Crawl Stone Soup version 0.24.0-13-gcf9b319 (webtiles) character file.

Game seed: 1284538997309304720, levelgen mode: deterministic

6631 Darlock the Blocker (level 10, -2/86 HPs)
             Began as a Minotaur Fighter on Dec 18, 2019.
             Was a High Priest of Okawaru.
             Slain by an eight-headed hydra (10 damage)
             ... on level 1 of the Lair of Beasts.
             The game lasted 00:41:56 (7438 turns).

Darlock the Blocker (Minotaur Fighter)              Turns: 7438, Time: 00:41:58

Health: -2/86      AC:  9    Str: 26    XL:     10   Next: 72%
Magic:  10/10      EV: 13    Int:  5    God:    Okawaru [*****.]
Gold:   604        SH: 12    Dex: 12    Spells: 9/9 levels left

rFire    . . .     SeeInvis .   G - +3 rapier (vamp)
rCold    . . .     Gourm    .   c - +0 shield
rNeg     . . .     Faith    .   F - +3 leather armour {rPois}
rPois    +         Spirit   .   (helmet restricted)
rElec    .         Reflect  .   B - +0 cloak
rCorr    .         Harm     +   (no gloves)
MR       .....                  g - +0 pair of boots
Stlth    ++........             u - amulet of harm
HPRegen  0.24/turn              n - +4 ring of strength
MPRegen  0.12/turn              U - ring of flight

@: no status effects
A: retaliatory headbutt, horns 2
a: Heroism, Finesse, Renounce Religion, Evoke Flight


You were on level 1 of the Lair of Beasts.
You worshipped Okawaru.
Okawaru was extremely pleased with you.
You were hungry.

You visited 2 branches of the dungeon, and saw 10 of its levels.
You also visited: Ossuary.

You collected 604 gold pieces.

Inventory:

Hand Weapons
 a - a +0 long sword
 p - a cursed +0 dagger
 A - a +1 antimagic hand axe
 C - a +2 flail of venom
 G - a +3 vampiric rapier (weapon)
 R - a +2 scimitar of flaming
 S - a +5 glaive of pain
 W - the +10 short sword of Ketoubiv {speed, Int+4, unknown}
   (You found it on level 9 of the Dungeon)

   Attacks with this weapon are significantly faster.
   It affects your intelligence (+4).
Missiles
 E - 5 boomerangs (quivered)
 J - 3 throwing nets
Armour
 b - a +0 scale mail
 c - a +0 shield (worn)
 g - a +0 pair of boots (worn)
 B - a +0 cloak (worn)
 F - a +3 leather armour of poison resistance (worn)
 H - a +2 robe of the Archmagi
Jewellery
 n - a +4 ring of strength (left hand)
 u - an amulet of harm (around neck)
 U - a ring of flight (right hand)
Wands
 Q - a wand of acid (11)
Scrolls
 e - 13 scrolls of identify {unknown}
 i - 5 scrolls of teleportation {unknown}
 j - 2 scrolls of amnesia {unknown}
 l - 4 scrolls of fog {unknown}
 w - a scroll of fear {unknown}
 y - 2 scrolls of remove curse {unknown}
 z - a scroll of noise {unknown}
 D - a scroll of immolation {unknown}
 L - a scroll of magic mapping {unknown}
 M - 4 scrolls of holy word {unknown}
 N - a scroll of random uselessness {unknown}
 O - a scroll of blinking {unknown}
 T - a scroll of summoning {unknown}
 V - a scroll of enchant weapon {unknown}
 Y - a scroll of silence {unknown}
Potions
 d - a potion of might
 h - 4 potions of heal wounds
 k - 2 potions of brilliance {unknown}
 m - 3 potions of haste {unknown}
 o - 5 potions of curing {unknown}
 q - a potion of resistance {unknown}
 r - a potion of invisibility {unknown}
 s - a potion of magic {unknown}
 t - 2 potions of ambrosia {unknown}
 v - 5 potions of mutation {unknown}
 x - a potion of cancellation {unknown}
 I - a potion of agility {unknown}
 K - 2 potions of flight {unknown}
 P - a potion of degeneration {unknown}
Comestibles
 f - 22 rations
 X - 4 chunks of flesh


   Skills:
 + Level 7.4 Fighting
 + Level 8.8(10.0) Short Blades
 + Level 8.3(10.3) Long Blades
 + Level 2.1 Throwing
 + Level 8.2 Armour
 + Level 5.8 Dodging
 + Level 1.7 Stealth
 + Level 9.0 Shields
 + Level 1.9 Invocations


You had 9 spell levels left.
You didn't know any spells.
Your spell library contained the following spells:

 Spells                   Type           Power        Failure   Level  Hunger
 Confusing Touch          Hex            #.....       78%         1    ##.....
 Flame Tongue             Conj/Fire      #....        78%         1    ##.....
 Freeze                   Ice            #...         78%         1    ##.....
 Magic Dart               Conj           #...         78%         1    ##.....
 Summon Small Mammal      Summ           #...         78%         1    ##.....
 Blink                    Tloc           N/A          89%         2    ###....
 Call Imp                 Summ           #.......     89%         2    ###....
 Slow                     Hex            #.......     89%         2    ###....
 Throw Flame              Conj/Fire      #.....       89%         2    ###....
 Throw Frost              Conj/Ice       #.....       89%         2    ###....
 Call Canine Familiar     Summ           #.......     98%         3    ####...
 Confuse                  Hex            #.......     98%         3    ####...
 Conjure Flame            Conj/Fire      #.......     98%         3    ####...
 Gell's Gravitas          Tloc           #.........   98%         3    ####...
 Inner Flame              Hex/Fire       #.......     98%         3    ####...
 Mephitic Cloud           Conj/Pois/Air  #.......     98%         3    ####...
 Ozocubu's Armour         Chrm/Ice       #.......     98%         3    ####...
 Summon Guardian Golem    Hex/Summ       #.......     98%         3    ####...
 Petrify                  Tmut/Erth      #.......     100%        4    #####..
 Sticky Flame             Conj/Fire      #.......     100%        4    #####..
 Summon Ice Beast         Ice/Summ       #.......     100%        4    #####..
 Summon Lightning Spire   Summ/Air       #.......     100%        4    #####..
 Throw Icicle             Conj/Ice       #.......     100%        4    #####..
 Fireball                 Conj/Fire      #.........   100%        5    ######.
 Metabolic Englaciation   Hex/Ice        #.........   100%        5    ######.
 Yara's Violent Unravell  Hex/Tmut       #.........   100%        5    ######.


Dungeon Overview and Level Annotations

Branches:
Dungeon (9/15)             Temple (0/1) D:4            Lair (1/6) D:8
Ossuary (visited)
    Orc: D:9-12

Altars:
Ashenzari
Dithmenos
Hepliaklqana
Kikubaaqudgha
Makhleb
Okawaru
Qazlal
Ru
Sif Muna
Uskayaw
Yredelemnul
Zin
The Shining One

Shops:
D:4 :   D:5 %   D:6 (   D:9 }


Innate Abilities, Weirdness & Mutations

You reflexively headbutt those who attack you in melee.
You have a pair of horns on your head.


Message History

The eight-headed hydra bites you.
* * * LOW HITPOINT WARNING * * *
You block the eight-headed hydra's attack.
You feel much better.
You block the eight-headed hydra's attack.
The eight-headed hydra barely misses you.
You block the eight-headed hydra's attack. x2
The eight-headed hydra barely misses you.
The eight-headed hydra bites you.
* * * LOW HITPOINT WARNING * * *
You block the eight-headed hydra's attack.
The eight-headed hydra barely misses you.
You fail to use your ability.
You block the eight-headed hydra's attack.
The eight-headed hydra bites you.
* * * LOW HITPOINT WARNING * * *
The eight-headed hydra bites you!
* * * LOW HITPOINT WARNING * * *
The eight-headed hydra bites you!
You die...

.####.....
##.P......
##......t#
P......#
#....# #.t##
##...##
#.D...##
##.@....#
##.....#...#
#......##...#
##.....##
##..
###......# .
#.#.....##
#.......#
##......<#
#.......##


You could see an eight-headed hydra and a crocodile.

Vanquished Creatures
  Harold (D:7)
  Erica (D:8)
  A two-headed ogre (D:8)
  A troll (D:9)
  Grinder (D:3)
  Eustachio (D:6)
  Grum (D:8)
  A water moccasin (Lair:1)
  A porcupine (Lair:1)
  2 sky beasts
  2 phantoms
  2 wolves (D:8)
  A black bear (D:7)
  2 necrophages
  4 ogres
  An orc warrior (D:7)
  2 centaurs
  3 big kobolds
  3 bullfrogs
  A gnoll sergeant (D:7)
  5 scorpions
  10 killer bees (D:9)
  3 wights (D:9)
  4 centaur zombies
  A hound (D:4)
  2 centaur skeletons
  A jelly (D:8)
  A quasit (D:8)
  5 orc priests
  3 orc wizards
  An iguana (D:6)
  8 worker ants
  A killer bee zombie (D:6)
  A big kobold zombie (Ossuary)
  5 mummies (Ossuary)
  A worker ant zombie (D:6)
  10 gnolls
  8 adders
  2 oozes
  An adder zombie (D:5)
  2 adder skeletons
  3 worms
  3 dart slugs
  4 leopard geckos
  21 orcs
  5 bats
  7 giant cockroaches
  10 hobgoblins
  11 jackals
  4 quokkas
  3 frilled lizards
  4 goblins
  2 hobgoblin zombies (Ossuary)
  12 kobolds
  A quokka skeleton (D:9)
  8 rats
  A fungus (D:8)
206 creatures vanquished.

Notes
Turn   | Place    | Note
-------+----------+-------------------------------------------
     0 | D:1      | Darlock the Minotaur Fighter began the quest for the Orb.
     0 | D:1      | Reached XP level 1. HP: 19/19 MP: 0/0
   144 | D:2      | Reached XP level 2. HP: 22/27 MP: 1/1
   164 | D:2      | Found a glowing golden altar of the Shining One.
   320 | D:2      | Reached XP level 3. HP: 27/34 MP: 2/2
   362 | D:2      | Reached skill level 4 in Shields
   413 | D:2      | Found a shimmering blue altar of Sif Muna.
   492 | D:2      | Found an iron altar of Okawaru.
   513 | D:2      | Became a worshipper of Warmaster Okawaru
   742 | D:1      | Reached XP level 4. HP: 18/41 MP: 3/3
  1588 | D:3      | Found a glowing silver altar of Zin.
  1671 | D:3      | Reached XP level 5. HP: 43/47 MP: 4/4
  1688 | D:3      | Noticed Grinder
  1700 | D:3      | Paralysed by Grinder for 4 turns
  1709 | D:3      | Killed Grinder
  1709 | D:3      | Reached * piety under Okawaru
  1709 | D:3      | Reached skill level 5 in Fighting
  1709 | D:3      | Reached skill level 5 in Armour
  1709 | D:3      | Reached skill level 1 in Dodging
  1709 | D:3      | Reached XP level 6. HP: 24/56 MP: 5/5
  1838 | D:3      | Reached skill level 5 in Long Blades
  2290 | D:4      | Found a shattered altar of Ashenzari.
  2374 | D:4      | Found a shadowy altar of Dithmenos.
  2382 | D:4      | Reached skill level 5 in Shields
  2417 | D:4      | Reached XP level 7. HP: 61/61 MP: 6/6
  2472 | D:4      | Found a stormy altar of Qazlal.
  2680 | D:4      | Found a staircase to the Ecumenical Temple.
  3273 | D:4      | Found Modickax's Book Shoppe.
  3340 | D:5      | Entered Level 5 of the Dungeon
  3353 | D:5      | Reached skill level 1 in Stealth
  3477 | D:5      | Reached ** piety under Okawaru
  3767 | D:5      | Found Bilios's Food Emporium.
  3773 | D:5      | Reached XP level 8. HP: 38/69 MP: 7/7
  3849 | D:5      | Found a hide-covered altar of Uskayaw.
  3969 | D:6      | Noticed Eustachio
  3986 | D:6      | Killed Eustachio
  3997 | D:6      | Reached skill level 6 in Shields
  4104 | D:6      | Found Boodoq's Antique Weapon Boutique.
  4145 | D:6      | Reached skill level 1 in Invocations
  4194 | D:6      | Found a basalt altar of Yredelemnul.
  4201 | D:6      | Reached *** piety under Okawaru
  4331 | D:6      | Reached skill level 1 in Short Blades
  4473 | D:6      | Found an ancient bone altar of Kikubaaqudgha.
  4557 | D:7      | Noticed Harold
  4565 | D:7      | Reached XP level 9. HP: 64/75 MP: 9/9
  4578 | D:7      | Killed Harold
  4578 | D:7      | Reached **** piety under Okawaru
  4578 | D:7      | Reached skill level 7 in Shields
  4617 | D:7      | Reached skill level 5 in Short Blades
  4881 | D:7      | Found a sand-covered staircase.
  4895 | Ossuary  | Entered an ossuary
  4903 | Ossuary  | Reached skill level 1 in Throwing
  5258 | D:7      | Found a burning altar of Makhleb.
  5532 | D:7      | Reached ***** piety under Okawaru
  5712 | D:8      | Noticed Grum
  5729 | D:8      | Killed Grum
  5733 | D:8      | Reached XP level 10. HP: 20/84 MP: 7/10
  5782 | D:8      | Noticed a two-headed ogre
  5789 | D:8      | Killed a two-headed ogre
  5789 | D:8      | Reached skill level 5 in Dodging
  5789 | D:8      | Reached skill level 8 in Shields
  5843 | D:8      | Noticed Erica
  6052 | D:8      | Killed Erica
  6398 | D:8      | Found a staircase to the Lair.
  6593 | D:9      | Found a hazy altar of Hepliaklqana.
  6767 | D:9      | Found Pidesira's Gadget Emporium.
  6980 | D:9      | Received a gift from Okawaru
  7111 | D:9      | Got a bloodstained short sword
  7217 | D:9      | Found a sacrificial altar of Ru.
  7389 | Lair:1   | Entered Level 1 of the Lair of Beasts
  7404 | Lair:1   | Reached skill level 9 in Shields
  7407 | Lair:1   | Noticed an eight-headed hydra
  7438 | Lair:1   | Slain by an eight-headed hydra

Levels and vault maps discovered:
D:1:      roderic_dead_forest, layout_basic
D:2:      layout_rooms, old_standard_altar, lemuel_crystal_altar,
          nicolae_tso_carved_into_rock
D:3:      minmay_spotlight, layout_basic, marbit_many_paths, uniq_grinder
D:4:      layout_basic, overflow_temple_1_default,
          nicolae_overflow_crystal_walls, grunt_dithmenos_shadows,
          minmay_temple_entry_statues_fountains, first_ration, serial_shops,
          kennysheep_little_box, minmay_close_crescents
D:5:      layout_loops_ring, lemuel_doored_altar, serial_shops,
          nicolae_shop_stone, minmay_misc_feat_pillars
D:6:      layout_rooms, yredelemnul_altar_generic, kiku_gazebo_garden_becter,
          serial_shops, shop_fountains, minmay_crystal_room, uniq_eustachio
D:7:      layout_layer_cave, lemuel_round_altar,
          lightli_ossuary_entry_decrepit_ruins, grunt_ogre_cave, uniq_harold
D:8:      layout_cave_pools, dpeg_oklobed_lair, minmay_misc_feat_tower,
          nicolae_straight_to_the_point, uniq_grum, uniq_erica
D:9:      layout_loops_ring, nicolae_ru_sacrificial_ziggurat,
          nicolae_overflow_hidden_temple, serial_shops,
          nicolae_shop_behind_doors
Lair:1:   layout_cave_pods, beast_lair_carwin_7, uniq_gastronok

Skill      XL: |  1  2  3  4  5  6  7  8  9 10 |
---------------+-------------------------------+-----
Armour         | 4 5 6 7 8 |  8.2
Fighting       | 4 5 6 7 |  7.4
Shields        | 4 5 6 7 9 |  9.0
Long Blades    | 3 4 5 6 8 |  8.3
Dodging        | 1 2 3 4 5 |  5.8
Stealth        | 1 |  1.7
Invocations    | 1 |  1.9
Short Blades   | 3 6 8 |  8.8
Throwing       | 1 2 |  2.1

Action                   |  1- 3 |  4- 6 |  7- 9 | 10-12 || total
-------------------------+-------+-------+-------+-------++-------
Melee: Long sword        |    74 |   103 |    90 |       ||   267
       Headbutt          |    17 |    21 |    65 |    21 ||   124
       Rapier            |       |       |   191 |    89 ||   280
Throw: Boomerang         |       |       |     9 |     6 ||    15
Invok: Heroism           |       |     1 |     8 |     3 ||    12
  Use: Potion            |       |       |     1 |     3 ||     4
  Eat: Chunk             |       |     5 |     8 |     4 ||    17
       Ration            |       |       |     1 |       ||     1
Armor: Scale mail        |    37 |    32 |    20 |       ||    89
       Leather armour    |       |       |    61 |    42 ||   103
Dodge: Dodged            |    27 |    30 |   118 |    80 ||   255
Block: Shield            |    54 |    49 |   164 |    80 ||   347
       Rpst.: Long sword |     6 |    13 |     9 |       ||    28
